Map: King's Cove LE

Players

BluE - Winner!

  • Race: Protoss Protoss
  • Spawn Location: 11:00

Fallenger

  • Race: Zerg Zerg
  • Spawn Location: 5:00

Event: 2019 WCS Summer

VOD

Have the link to the VOD?

Description

Time

  • Played on: July 12, 2019, 9:22 a.m.
  • Length: 12:49

All games in this series

Show
View Real Time Build Order
Export as new Build Order

BluE Protoss - Winner!

Build Orders: 1 Gate Expand, Archon Immortal, Dark Templar Rush 

Get SALT Encoding   

  12  0:00  Probe  
  13  0:12  Probe  
  14  0:18  Pylon  
  14  0:24  Probe  
  15  0:32  Probe  
  15  0:40  Gateway  
  15  0:41  Probe  
  16  0:48  Assimilator  
  17  0:51  Probe  
  18  1:03  Probe  
  19  1:16  Probe  
  20  1:27  Nexus  
  20  1:38  Cybernetics Core  
  20  1:39  Probe  
  21  1:47  Assimilator  
  21  1:51  Probe  
  22  1:54  Pylon  
  22  2:04  Probe, Adept  
  25  2:15  Warp Gate  
  25  2:16  Probe  
  26  2:25  Robotics Facility  
  26  2:29  Stalker, Probe  
  29  2:39  Probe  
  29  2:43  Probe  
  31  2:51  Probe  
  31  2:55  Probe  
  33  3:04  Probe  
  33  3:05  Warp Prism  
  34  3:07  Probe  
  34  3:11  Twilight Council  
  35  3:19  Probe  
  38  3:20  Probe  
  39  3:31  Probe  
  39  3:32  Probe, Gateway  
  41  3:40  Pylon  
  41  3:43  Probe  
  41  3:48  Probe  
  43  3:51  Gateway  
  43  3:58  Probe  
  43  3:59  Dark Shrine, Gateway  
  44  4:03  Gateway  
  44  4:04  Probe  
  44  4:08  Adept  
  47  4:13  Pylon  
  47  4:15  Probe  
  48  4:17  Assimilator  
  48  4:19  Assimilator  
  48  4:20  Probe  
  49  4:27  Probe  
  49  4:28  Immortal  
  50  4:34  Probe  
  55  4:51  Sentry, Pylon  
  55  4:52  Sentry, Shield Battery x2  
  55  4:53  Probe  
  55  4:55  Probe  
  57  5:01  Immortal  
  57  5:06  Pylon  
  61  5:17  Dark Templar x2  
  61  5:18  Dark Templar  
  67  5:25  Zealot  
  69  5:40  Observer  
  68  5:42  Probe  
  68  5:43  Probe  
  68  5:45  Nexus  
  68  5:46  Pylon  
  69  5:52  Immortal  
  69  5:55  Charge  
  69  5:56  Probe x2  
  71  5:57  Forge  
  75  6:08  Probe  
  75  6:10  Gateway  
  76  6:14  Gateway  
  76  6:20  Probe, Pylon  
  76  6:22  Probe  
  78  6:26  Immortal  
  78  6:27  Protoss Ground Weapons Level 1  
  78  6:31  Shield Battery  
  78  6:32  Probe  
  83  6:42  Probe  
  83  6:44  Probe  
  83  6:46  Dark Templar  
  87  6:49  Archon  
  87  6:50  Archon  
  87  6:55  Observer  
  87  6:56  Stargate x2  
  87  7:00  Probe x2  
  89  7:01  Probe  
  90  7:10  Templar Archives  
  90  7:12  Probe x2, Immortal, Assimilator  
  92  7:16  Assimilator  
  92  7:20  Pylon  
  92  7:27  Probe x2  
  92  7:29  Probe  
  99  7:38  Phoenix  
  99  7:39  Probe  
  104  7:48  Sentry  
  104  7:49  Shield Battery  
  104  7:50  Sentry x2  
  104  7:51  Zealot x3  
  112  7:52  Shield Battery  
  112  7:55  Pylon  
  116  8:06  Pylon  
  116  8:08  Immortal, Pylon  
  114  8:16  Shield Battery  
  114  8:17  Shield Battery  
  114  8:19  Shield Battery  
  118  8:20  Sentry x3, Pylon  
  118  8:23  Protoss Ground Weapons Level 2  
  118  8:25  Adept  
  125  8:35  Pylon  
  125  8:43  Immortal  
  125  8:50  Zealot x3  
  125  8:51  Zealot  
  125  8:53  Pylon  
  137  8:56  Pylon  
  137  9:00  Adept  
  137  9:02  Phoenix x2  
  143  9:06  Pylon  
  143  9:16  High Templar x3  
  149  9:20  Gateway  
  149  9:23  Archon, Gateway  
  149  9:26  High Templar  
  149  9:27  Zealot x2  
  149  9:29  Photon Cannon  
  155  9:31  Pylon  
  155  9:32  Photon Cannon, Archon  
  155  9:39  Immortal  
  159  9:51  Zealot x3  
  159  9:52  Zealot  
  167  9:55  Pylon  
  167  9:59  Pylon  
  167  10:05  Zealot  
  169  10:15  Nexus  
  169  10:18  High Templar, Pylon  
  169  10:19  High Templar x3  
  177  10:22  Archon  
  177  10:23  Archon  
  177  10:28  Immortal  
  181  10:40  Photon Cannon  
  181  10:42  Photon Cannon  
  181  10:51  Zealot x6  
  181  10:52  Zealot  
  173  11:13  Zealot x2  
  173  11:14  Zealot x4  
  183  11:24  Probe x3  
  184  11:31  Observer  
  178  11:36  Assimilator  
  174  11:41  Assimilator  
  174  11:42  High Templar x3  
  174  11:43  High Templar x2  
  176  11:49  Immortal  
  162  12:03  Zealot x3  
  158  12:22  Fleet Beacon  
  156  12:27  Zealot x5  
Show
View Real Time Build Order
Export as new Build Order

Fallenger Zerg 

Build Orders: Hatch First 

Get SALT Encoding   

  12  0:00  Drone  
  13  0:12  Overlord  
  13  0:18  Drone  
  14  0:30  Drone  
  14  0:31  Drone  
  16  0:49  Hatchery  
  15  0:52  Drone  
  15  0:56  Drone  
  17  0:59  Drone  
  18  1:10  Extractor  
  17  1:15  Spawning Pool  
  17  1:18  Drone  
  17  1:21  Drone  
  18  1:28  Drone  
  19  1:39  Drone  
  20  1:51  Overlord  
  20  2:01  Queen x2  
  20  2:02  Zergling x2  
  20  2:03  Zergling x2  
  26  2:14  Drone x2  
  26  2:15  Metabolic Boost  
  28  2:21  Drone  
  29  2:27  Drone  
  30  2:32  Drone  
  31  2:40  Hatchery  
  30  2:47  Queen  
  32  2:54  Overlord  
  32  2:55  Zergling x2  
  32  2:57  Drone  
  34  3:00  Drone  
  34  3:05  Drone  
  36  3:12  Drone  
  36  3:13  Drone x3  
  36  3:18  Overlord  
  36  3:19  Drone  
  40  3:22  Drone  
  40  3:26  Drone x2  
  43  3:31  Drone  
  44  3:36  Drone  
  44  3:39  Extractor, Roach Warren  
  44  3:40  Drone  
  44  3:42  Extractor  
  43  3:48  Drone  
  43  3:49  Overlord  
  44  3:56  Drone  
  44  3:57  Drone x4  
  49  4:06  Overlord  
  49  4:07  Overlord  
  49  4:20  Roach x6  
  60  4:29  Roach x4  
  68  4:33  Zergling x6  
  67  4:53  Drone  
  67  4:54  Drone x6  
  67  4:56  Drone  
  75  5:04  Drone x3  
  78  5:10  Drone x3  
  78  5:12  Lair  
  81  5:17  Evolution Chamber  
  80  5:23  Drone  
  80  5:26  Drone  
  79  5:36  Spore Crawler  
  79  5:37  Spore Crawler  
  79  5:38  Overlord  
  79  5:40  Roach  
  79  5:41  Roach  
  79  5:42  Overlord x2  
  81  5:46  Zerg Missile Weapons Level 1, Overlord  
  80  6:00  Extractor  
  79  6:13  Glial Reconstitution  
  79  6:17  Spire  
  78  6:21  Hatchery  
  78  6:24  Roach x5  
  87  6:26  Overlord  
  87  6:30  Zergling x4  
  87  6:31  Zergling x2  
  90  6:40  Overlord  
  90  6:51  Roach x6  
  102  6:57  Roach x2  
  102  6:59  Roach  
  107  7:11  Roach x4  
  107  7:14  Overlord  
  115  7:19  Zergling x2  
  115  7:20  Zergling x4  
  118  7:28  Roach  
  118  7:29  Roach  
  122  7:37  Roach x2  
  122  7:40  Roach  
  130  7:44  Roach x2  
  132  7:56  Overlord  
  131  8:04  Zergling x10  
  131  8:05  Overlord  
  136  8:08  Overlord  
  136  8:15  Zergling x2  
  136  8:16  Zergling x2  
  138  8:21  Zergling x4  
  138  8:22  Zergling x8  
  144  8:27  Ravager x2  
  144  8:28  Ravager x6  
  151  8:35  Ravager x4  
  151  8:36  Ravager x2  
  151  8:37  Zergling x8  
  146  8:58  Drone  
  146  8:59  Drone x15  
  146  9:02  Drone  
  160  9:05  Extractor  
  154  9:10  Drone x3  
  154  9:16  Zerg Missile Weapons Level 2  
  147  9:18  Extractor  
  147  9:20  Hydralisk Den, Drone  
  146  9:24  Hatchery  
  146  9:26  Drone x2  
  147  9:38  Drone x5  
  149  9:39  Drone x2  
  154  9:50  Grooved Spines  
  154  9:53  Overlord  
  154  9:54  Lurker Den  
  153  10:02  Roach x4  
  153  10:04  Overlord  
  156  10:07  Overlord  
  156  10:13  Spine Crawler  
  146  10:16  Spine Crawler x2  
  146  10:19  Spine Crawler x2  
  146  10:21  Ravager x8  
  149  10:22  Roach  
  149  10:23  Zergling x2  
  152  10:35  Roach x6  
  164  10:43  Evolution Chamber  
  164  10:45  Spine Crawler x2  
  164  10:48  Roach x3  
  168  10:52  Roach x2  
  172  10:57  Roach  
  172  10:58  Roach x2  
  172  11:02  Muscular Augments  
  160  11:11  Roach  
  160  11:12  Roach x6  
  170  11:24  Roach x7  
  171  11:31  Roach x2  
  152  11:52  Roach x12  
  174  11:59  Roach x4  
  176  12:07  Roach  
  176  12:08  Roach x4  
  153  12:18  Roach x5  
  153  12:21  Roach x2  
  161  12:29  Roach x3  
Tags
 
Add a new tag
Caveats
  • Supply blocks, unpowered buildings, or Contaminate may cause inaccurate times.
  • Supply counts are checked every 10 seconds.